 Dungeon Crawl Stone Soup version 0.17-a0-1831-gaadb308 (webtiles) character file.

539 ololoev the Conjurer (level 7, 50/50 HPs)
             Began as a White Draconian Conjurer on Sept 14, 2015.
             Was a Follower of Vehumet.
             Quit the game on level 5 of the Dungeon.
             The game lasted 00:13:51 (5003 turns).

ololoev the Conjurer (White Draconian Conjurer)     Turns: 5003, Time: 00:13:52

Health: 50/50      AC: 14    Str: 10    XL:     7   Next: 5%
Magic:  3/13       EV: 12    Int: 17    God:    Vehumet [*.....]
Gold:   27         SH:  0    Dex: 12    Spells: 3 memorised, 10 levels left

rFire  . . .     SeeInvis .     e - +2 flail (protect)
rCold  + . .     Clarity  .     (armour unavailable)
rNeg   + . .     SustAt   +     (no shield)
rPois  +         Gourm    .     (helmet restricted)
rElec  .         Spirit   .     t - +1 cloak {rPois}
rCorr  .         Warding  .     o - +0 pair of gloves
rMut   .         Stasis   .     (no boots)
MR     .....                    h - amulet of regeneration
Stlth  ++........               v - ring of sustain attributes
                                m - ring of positive energy

@: not resistant to hostile enchantments, unstealthy
A: breathe frost, unfitting armour, antennae 1, cold resistance 1, regeneration
1, cold-blooded, AC +6
a: Breathe Frost, Renounce Religion


Innate Abilities, Weirdness & Mutations

You can breathe waves of freezing cold.
You can buffet flying creatures when you breathe cold.
Your icy white scales are hard (AC +6).
Your body does not fit into most forms of armour.
Your flesh is cold resistant.
You are cold-blooded and may be slowed by cold attacks.
You have a pair of small antennae on your head.
Your natural rate of healing is unusually fast.

Inventory:

Hand weapons
 e - a +2 flail of protection (weapon)
Armour
 o - a +0 pair of gloves (worn)
 t - a +1 cloak of poison resistance (worn)
Jewellery
 h - an amulet of regeneration (around neck)
 k - an uncursed amulet of clarity
 m - a ring of positive energy (left hand)
 v - a ring of sustain attributes (right hand)
Magical devices
 s - a wand of polymorph (10)
Scrolls
 l - 2 scrolls of remove curse {unknown}
 r - a scroll of blinking {unknown}
 u - a scroll of enchant weapon {unknown}
 x - 2 scrolls of fear
 z - a scroll of teleportation
Potions
 c - a potion of heal wounds {unknown}
 g - 2 potions of curing
 j - a potion of might
 n - 2 potions of agility
 q - a potion of lignification
Books
 a - a book of Conjurations

   Spells                             Type                      Level
   a - Magic Dart                     Conjuration                  1
   b - Searing Ray                    Conjuration                  2
   c - Dazzling Spray                 Conjuration/Hexes            3
   d - Fulminant Prism                Conjuration/Hexes            4
   e - Iskenderun's Mystic Blast      Conjuration                  4
   f - Iskenderun's Battlesphere      Conjuration/Charms           5
Comestibles
 b - a bread ration
 d - a chunk of flesh
 f - 3 slices of pizza
 i - a meat ration
 p - a beef jerky
 w - 7 fruits


   Skills:
 - Level 1.7 Dodging
 - Level 1.7 Stealth
 + Level 4.0 Spellcasting
 * Level 7.0 Conjurations
 * Level 2.1 Fire Magic


You had 10 spell levels left.
You knew the following spells:

 Your Spells              Type           Power        Failure   Level  Hunger
a - Magic Dart            Conj           ####         1%          1    None
b - Searing Ray           Conj           ####..       1%          2    ##.....
c - Flame Tongue          Conj/Fire      ###..        2%          1    None


You were on level 5 of the Dungeon.
You worshipped Vehumet.
Vehumet was aware of your devotion.
You were not hungry.

You visited 1 branch of the dungeon, and saw 5 of its levels.

You collected 137 gold pieces.
You spent 110 gold pieces at shops.

.......... !........#
.... ^......... .....
......... #.....
..............
.....##... .. ##.).#.#
..# #...@..##..#
......##...##..# .....
##...#.##
......###......##
................######
.....................##
.......................
...#.##............# ..
#.###...........#

Notes
Turn   | Place    | Note
--------------------------------------------------------------
     0 | D:1      | ololoev the Draconian Conjurer began the quest for the Orb.
     0 | D:1      | Reached XP level 1. HP: 14/14 MP: 3/3
   153 | D:1      | Reached XP level 2. HP: 12/20 MP: 1/5
   158 | D:1      | Learned a level 2 spell: Searing Ray
   918 | D:1      | Reached XP level 3. HP: 26/26 MP: 1/6
  1295 | D:1      | Reached skill level 5 in Conjurations
  1735 | D:2      | Found a basalt altar of Yredelemnul.
  1953 | D:2      | Reached XP level 4. HP: 33/33 MP: 2/8
  2157 | D:2      | Found a radiant altar of Vehumet.
  2162 | D:2      | Became a worshipper of Vehumet
  2406 | D:2      | Found a sparkling altar of Nemelex Xobeh.
  2855 | D:2      | Noticed Robin
  3068 | D:3      | Found a sacrificial altar of Ru.
  3079 | D:3      | Noticed Charly's ghost (weakling FoWn)
  3128 | D:3      | Reached XP level 5. HP: 38/38 MP: 6/9
  3166 | D:3      | Noticed Terence
  3468 | D:4      | Noticed an ogre
  3499 | D:4      | Killed an ogre
  3499 | D:4      | Reached skill level 6 in Conjurations
  3663 | D:4      | Acquired Vehumet's first power
  3663 | D:4      | Offered knowledge of Flame Tongue by Vehumet.
  3670 | D:4      | Learned a level 1 spell: Flame Tongue
  3742 | D:4      | Killed Robin
  3838 | D:4      | Found a glowing golden altar of the Shining One.
  3847 | D:4      | Reached XP level 6. HP: 45/45 MP: 8/11
  3977 | D:4      | Found Yhuth's Magic Scroll Shoppe.
  3985 | D:4      | Bought a scroll of teleportation for 39 gold pieces
  3985 | D:4      | Bought a scroll of fear for 45 gold pieces
  3985 | D:4      | Bought a scroll of identify for 26 gold pieces
  3992 | D:4      | Gained mutation: You have a pair of small antennae on your head. [potion of beneficial mutation]
  3993 | D:4      | Gained mutation: Your natural rate of healing is unusually fast. [potion of beneficial mutation]
  4090 | D:4      | Found a bloodstained altar of Trog.
  4311 | D:3      | Killed Terence
  4311 | D:3      | Reached skill level 1 in Fire Magic
  4403 | D:3      | Killed Charly's ghost
  4543 | D:3      | Noticed Crazy Yiuf
  4584 | D:3      | Killed Crazy Yiuf
  4953 | D:5      | Entered Level 5 of the Dungeon
  5002 | D:5      | Reached skill level 7 in Conjurations
  5002 | D:5      | Your scales start taking on an icy white colour.
  5002 | D:5      | Gained mutation: Your flesh is cold resistant. [White Draconian growth]
  5002 | D:5      | Reached XP level 7. HP: 50/50 MP: 4/13
  5003 | D:5      | Quit the game

Dungeon Overview and Level Annotations

Branches:
Dungeon (5/15)
 Temple: D:4-7

Altars:
Nemelex Xobeh
Ru
Trog
Vehumet
Yredelemnul
The Shining One

Shops:
D:4 ?


Message History

You offer a prayer to Vehumet.
Vehumet is aware of your devotion.
Magic restored.
An ogre comes into view. It is wielding a giant spiked club.
The ogre shouts!
Found a blue potion.
Casting: Magic Dart
Confirm with . or Enter, or press ? or * to list all spells.
Aiming: Magic Dart
Press: ? - help, Shift-Dir - straight line, f - ogre
Aim: an ogre, wielding a giant spiked club The magic dart hits the ogre.
The ogre is lightly wounded.
Casting: Magic Dart
Confirm with . or Enter, or press ? or * to list all spells.
Aiming: Searing Ray
Press: ? - help, Shift-Dir - straight line, f/p - ogre
Aim: an ogre, wielding a giant spiked club (lightly wounded)
The searing ray misses the ogre.
The searing ray hits the ogre.
The ogre is moderately wounded.
The searing ray hits the ogre.
The ogre is heavily wounded.
Casting: Searing Ray
Confirm with . or Enter, or press ? or * to list all spells.
Aiming: Searing Ray
Press: ? - help, Shift-Dir - straight line, f/p - ogre
Aim: an ogre, wielding a giant spiked club (heavily wounded)
The searing ray hits the ogre.
The ogre is almost dead.
The ogre closely misses you.
The searing ray hits the ogre.
You kill the ogre!
Vehumet accepts your kill.
Your Spellcasting skill increases to level 4!
Your Conjurations skill increases to level 7!
You have reached level 7!
Your scales start taking on an icy white colour.
You feel resistant to cold.
Are you sure you want to abandon this character and quit the game? (Confirm with "yes".)

There were no monsters in sight!

Vanquished Creatures
  2 ogres
  The ghost of Charly the Skirmisher, a weakling FoWn (D:3)
  An orc wizard (D:3)
  Crazy Yiuf (D:3)
  Terence (D:3)
  An iguana (D:4)
  Robin (D:4)
  A gnoll (D:1)
  7 adders
  A shadow imp (D:5)
  3 oozes
  A worm (D:2)
  4 giant geckos
  7 orcs
  5 giant cockroaches
  19 goblins
  7 hobgoblins
  4 jackals (D:3)
  2 quokkas
  10 bats
  5 giant newts
  8 kobolds
  A quokka skeleton (D:4)
  8 rats
101 creatures vanquished.

Action                   |  1- 3 |  4- 6 |  7- 9 || total
-------------------------+-------+-------+-------++-------
Melee: Unarmed           |    36 |    29 |       ||    65
       Flail             |       |    25 |       ||    25
       Short sword       |       |     7 |       ||     7
 Cast: Magic Dart        |    77 |    67 |       ||   144
       Searing Ray       |     3 |    23 |       ||    26
  Use: Scroll            |       |     7 |       ||     7
       Potion            |       |     2 |       ||     2
 Stab: Sleeping          |     1 |       |       ||     1
  Eat: Chunk             |     3 |    12 |       ||    15

Vault maps used:
D:1:      erik_arrival_gehennom
D:2:      lemuel_round_altar, lemuel_doored_altar, overflow_temple_1_default,
          uniq_robin
D:3:      lemuel_crystal_altar, minmay_misc_feat_roman, uniq_crazy_yiuf_cottage,
          uniq_terence
D:4:      old_standard_altar, lightli_temple_of_fire, serial_shops, shop,
          kennysheep_cross_room
D:5:      grunt_dithmenos_shadows, minmay_temple_entry_glass, first_bread,
          led_sif_book
